 Dungeon Crawl Stone Soup version 0.25.0-9-g26727b657a (webtiles) character file.

Game seed: 13579192424757658123

77 Krehm the Ruffian (level 4, -4/35 HPs)
             Began as a Draconian Transmuter on June 18, 2020.
             Was a Follower of Cheibriados.
             Slain by an ogre
             ... wielding a +0 giant club
              (11 damage)
             ... on level 3 of the Dungeon.
             The game lasted 00:11:12 (2612 turns).

Krehm the Ruffian (Draconian Transmuter)            Turns: 2612, Time: 00:11:13

Health: -4/35      AC:  5    Str: 15    XL:     4   Next: 13%
Magic:  8/8        EV: 12    Int: 15    God:    Cheibriados [*.....]
Gold:   186        SH:  5    Dex: 14    Spells: 5/8 levels left

rFire    . . .     SeeInvis .   s - +0 dagger
rCold    . . .     Gourm    .   d - +2 buckler
rNeg     . . .     Faith    .   (armour unavailable)
rPois    .         Spirit   .   (helmet restricted)
rElec    .         Reflect  .   (no cloak)
rCorr    .         Harm     .   (no gloves)
MR       .....                  (boots currently unavailable)
Stlth    +.........             (no amulet)
HPRegen  0.11/turn              (no ring)
MPRegen  0.11/turn              (no ring)

@: brilliant, appendage (expiring), very slow
A: unfitting armour, talons 3, cold-blooded, AC +5
a: End Transformation, Bend Time, Renounce Religion


You were on level 3 of the Dungeon.
You worshipped Cheibriados.
Cheibriados was aware of your devotion.
You were not hungry.
You had grown temporary talons.
You visited 1 branch of the dungeon, and saw 3 of its levels.

You collected 186 gold pieces.

Inventory:

Hand Weapons
 s - a +0 dagger (weapon)
Missiles
 a - 65 arrows
 g - 11 poisoned darts (quivered)
Armour
 d - a +2 buckler (worn)
Jewellery
 p - a cursed ring of attention {unknown}
Scrolls
 b - 2 scrolls of enchant armour {unknown}
 f - 2 scrolls of teleportation {unknown}
 k - 6 scrolls of identify {unknown}
 l - 3 scrolls of fog {unknown}
 o - a scroll of remove curse {unknown}
 q - a scroll of enchant weapon {unknown}
Potions
 e - a potion of cancellation {unknown}
 h - a potion of heal wounds {unknown}
 i - a potion of lignification {unknown}
 j - a potion of magic
 m - a potion of stabbing {unknown}
 n - a potion of curing {unknown}
 r - a potion of brilliance
Comestibles
 c - 6 rations


   Skills:
 - Level 1.1 Fighting
 + Level 2.6 Dodging
 - Level 3.0 Unarmed Combat
 + Level 2.7 Spellcasting
 + Level 3.0 Transmutations
 + Level 0.9 Invocations


You had 5 spell levels left.
You knew the following spells:

 Your Spells              Type           Power        Failure   Level  Hunger
a - Beastly Appendage     Tmut           ###...       10%         1    None
b - Sticks to Snakes      Tmut           ###.....     16%         2    None

Your spell library contained the following spells:

 Spells                   Type           Power        Failure   Level  Hunger
 Spider Form              Tmut/Pois      #.........   50%         3    None
 Ice Form                 Ice/Tmut       #.......     88%         4    None
 Blade Hands              Tmut           ###.......   95%         5    None


Dungeon Overview and Level Annotations

Branches:
Dungeon (3/15)

Altars:
Cheibriados
Okawaru
Qazlal
Uskayaw
Zin


Innate Abilities, Weirdness & Mutations

Your plain brown scales are hard. (AC +5)
You cannot fit into any form of body armour.
You are cold-blooded and may be slowed by cold attacks.
You have claws for feet.


Message History

It was a potion of brilliance.
You feel clever all of a sudden.
Your adder barely misses the ogre.
The ogre hits you with a +0 giant club.
* * * LOW HITPOINT WARNING * * *
It was a potion of magic.
Magic courses through your body.
Your transformation is almost over.
Your adder bites the ogre.
You block the ogre's attack.
Your adder barely misses the ogre.
You hit the ogre. Your kick misses the ogre.
The ogre is heavily wounded.
Your adder barely misses the ogre.
You block the ogre's attack.
You hit the ogre.
The ogre is heavily wounded.
Your adder bites the ogre.
You hit the ogre.
You tail-slap the ogre, but do no damage.
The ogre is almost dead.
Your adder bites the ogre but does no damage.
The ogre hits you with a +0 giant club!
You die...

##.## #.# #..#.#.### #.#
#..# #.# #.##.#.# #.# ##.#
#.# #....#.# #.# #.#
#.#########.# #.# #.##
#........ #.# #.# #..#
#..#####. #.# #.# ######.#
#..# #.# ..# #.# .....#.##
#..# #.###### #.#
.....#..###..# #@O....#
### #.# .........^...#
#S####.....# #..
##....#..##.## #S######
#.# ##### #....##.##.#
#......# #.# #[..)
#....##.##.#########.###.#
#.###
#....##..#...............#
#.###
#....###.#.####..........#
#.... #....# #...#
#..........###[.#. #....#
##..# #...)...........<.


You could see an ogre (very poisoned), a friendly adder and a friendly ball
python.

Vanquished Creatures
  2 adders
  An ooze (D:2)
  6 orcs (D:3)
  8 bats
  2 giant cockroaches (D:2)
  A goblin (D:2)
  7 hobgoblins
  6 jackals
  6 kobolds
  2 quokkas (D:3)
  A ball python (D:1)
  A frilled lizard (D:3)
  A rat (D:1)
44 creatures vanquished.

Notes
Turn   | Place    | Note
-------+----------+-------------------------------------------
     0 | D:1      | Krehm the Draconian Transmuter began the quest for the Orb.
     0 | D:1      | Reached XP level 1. HP: 16/16 MP: 3/3
   422 | D:1      | Reached XP level 2. HP: 21/23 MP: 3/5
   427 | D:1      | Learned a level 2 spell: Sticks to Snakes
  1134 | D:2      | Reached XP level 3. HP: 28/28 MP: 4/6
  1212 | D:2      | Found a snail-covered altar of Cheibriados.
  1215 | D:2      | Became a worshipper of Cheibriados the Contemplative
  1512 | D:2      | Found an iron altar of Okawaru.
  1830 | D:3      | Found a stormy altar of Qazlal.
  1922 | D:3      | Reached XP level 4. HP: 26/35 MP: 6/8
  1957 | D:3      | Reached * piety under Cheibriados
  2387 | D:3      | Found a hide-covered altar of Uskayaw.
  2388 | D:3      | Noticed a +0 dagger
  2388 | D:3      | Noticed a +0 hand axe
  2509 | D:3      | Found a glowing silver altar of Zin.
  2601 | D:3      | Noticed an ogre
  2612 | D:3      | Slain by an ogre

Illustrated notes

Levels and vault maps discovered:
D:1:      wheals_arrival_linesprint, layout_rooms
D:2:      layout_rooms, lemuel_doored_altar, lemuel_coloured_pillars_altar,
          first_ration
D:3:      layout_basic, overflow_temple_1_default, dancing_weapons_uskayaw,
          zin_scriptorium

Skill      XL: |  1  2  3  4 |
---------------+-------------+-----
Dodging        | 2 |  2.6
Transmutations | 3 |  3.0
Fighting       | |  1.1
Unarmed Combat | |  3.0
Spellcasting   | |  2.7
Invocations    | |  0.9

Action                   |  1- 3 |  4- 6 || total
-------------------------+-------+-------++-------
Melee: Unarmed           |   137 |     9 ||   146
       Kick              |    25 |     6 ||    31
       Headbutt          |     4 |       ||     4
       Tailslap          |    12 |     8 ||    20
       Dagger            |       |    27 ||    27
 Cast: Beastly Appendage |    26 |     5 ||    31
       Sticks to Snakes  |       |     3 ||     3
  Use: Potion            |       |     2 ||     2
  Eat: Chunk             |     4 |     2 ||     6
Armor: Skin              |    40 |     9 ||    49
Dodge: Dodged            |    80 |    20 ||   100
Block: Buckler           |    33 |    10 ||    43
